 Dungeon Crawl Stone Soup version 0.28-a0-495-g9bb89235eb (webtiles) character file.

Game seed: 10300767264084329207

7 mg7810 the Skirmisher (level 1, 0/18 HPs)
             Began as a Demonspawn Monk on Sept 19, 2021.
             Slain by a kobold (4 damage)
             ... on level 1 of the Dungeon.
             The game lasted 00:00:33 (107 turns).

mg7810 the Skirmisher (Demonspawn Monk)              Turns: 107, Time: 00:00:33

Health: 0/18       AC:  2    Str: 11    XL:     1   Next: 91%
Magic:  1/1        EV: 13    Int: 11    God:
Gold:   0          SH:  0    Dex: 15    Spells: 0/0 levels left

rFire   . . .      SeeInvis .   a - +0 hand axe
rCold   . . .      Faith    .   (no shield)
rNeg    . . .      Spirit   .   b - +0 robe
rPois   .          Reflect  .   (no helmet)
rElec   .          Harm     .   (no cloak)
rCorr   .          Rampage  .   (no gloves)
Will    .....                   (no boots)
Stlth   ++........              (no amulet)
HPRegen 0.06/turn               (no ring)
MPRegen 0.07/turn               (no ring)

@: no status effects
A: no striking features
a: no special abilities


You were on level 1 of the Dungeon.
You visited 1 branch of the dungeon, and saw 1 of its levels.

Inventory:

Hand Weapons
 a - a +0 hand axe (weapon)
Armour
 b - a +0 robe (worn)
Potions
 c - a potion of haste {unknown}


   Skills:
 + Level 3.1 Fighting
 + Level 2.8 Axes
 * Level 0.2 Armour
 + Level 2.8 Dodging
 + Level 1.8 Stealth


You couldn't memorise any spells.
You didn't know any spells.
Your spell library was empty.

Dungeon Overview and Level Annotations

Branches:
Dungeon (1/15)

Altars:

Shops:
D:1 (


Message History

You hit the ball python.
You kill the ball python!
The kobold hits you with a +0 short sword.
You barely miss the kobold.
The kobold is severely wounded.
The kobold closely misses you.
You closely miss the kobold.
The kobold is severely wounded.
The kobold barely misses you.
You hit the kobold but do no damage.
The kobold is severely wounded.
The kobold barely misses you.
You closely miss the kobold.
The kobold is severely wounded.
The kobold barely misses you.
You hit the kobold.
You kill the kobold!
Found a red potion.
You see here a +0 short sword.
Found 2 orange potions. 2 bats and a kobold come into view.
The kobold shouts!
The kobold hits you with a +0 dagger.
You barely miss the kobold. The kobold hits you but does no damage.
The bat misses you. The bat hits you but does no damage.
You hit the kobold but do no damage. You hit the bat.
You kill the bat!
You hit the bat. The bat hits you. The kobold closely misses you.
You barely miss the kobold. You miss the bat. The bat closely misses you.
The bat completely misses you. The kobold hits you with a +0 dagger.
The bat hits you but does no damage.
You hit the kobold but do no damage. You miss the bat. The bat misses you.
The kobold hits you with a +0 dagger.
You closely miss the kobold. You barely miss the bat. The bat misses you.
The kobold hits you with a +0 dagger.
You closely miss the kobold. The bat hits you but does no damage.
The kobold hits you with a +0 dagger.
* * * LOW HITPOINT WARNING * * *
The kobold hits you with a +0 dagger.
You die...

#.###### #.# #.##
.# #......# ...#
##......#. ...#
.#........ ...##
...!....# ....##
#######!.....
.....# #...∩.#.?..
...#.# #.....#.K#
...#.####.....#.@#
####...##.....#..#
###.##......b.#
#..#....).#.....#
##.####...#.#.....
#.##...###.######
#..⌠.⌠.# #.#
#).....# ..#
#⌠._.⌠.# ##


You could see a bat and a kobold.

Vanquished Creatures
  2 ball pythons (D:1)
  2 bats (D:1)
  A hobgoblin (D:1)
  A kobold (D:1)
  A rat (D:1)
7 creatures vanquished.

Notes
Turn   | Place    | Note
-------+----------+-------------------------------------------
     0 | D:1      | mg7810 the Demonspawn Monk began the quest for the Orb.
     0 | D:1      | Reached XP level 1. HP: 18/18 MP: 1/1
    72 | D:1      | Found a faded altar of an unknown god.
    85 | D:1      | Found Giuptul's Weapon Emporium.
   107 | D:1      | Slain by a kobold

Illustrated notes

Levels and vault maps discovered:
D:1:      dpeg_arrival_shrine, layout_rooms, hellmonk_ecumenical_altar_run_dry,
          serial_shops, shop, grunt_decor_arrowhead

Action                   || total
-------------------------++-------
Melee: Hand axe          ||    24
 Stab: Sleeping          ||     1
Armor: Robe              ||    10
Dodge: Dodged            ||    24

Table legend: (Time is in decaauts)
 A = Elapsed time spent in this place.
 B = Non-inter-level travel time spent in this place.
 C = Inter-level travel time spent in this place.
 D = Time resting spent in this place.
 E = Time spent auto-exploring this place.
 F = Levels seen in this place.
 G = Mean time per level.
                   A        B        C        D        E       F      G
               +--------+--------+--------+--------+--------+-----+--------+
         Total |    111 |    111 |      0 |      0 |     41 |   1 |  111.0 |
       Dungeon |    111 |    111 |      0 |      0 |     41 |   1 |  111.0 |
               +--------+--------+--------+--------+--------+-----+--------+

Top non-repeatable levels by time:
     D:1: 111 daAuts
